 Dungeon Crawl Stone Soup version 0.28.0-49-g6dfe1f597d (webtiles) character file.

Game seed: 6060072091765306834

160 bnorton916 the Firebug (level 5, -1/28 HPs)
             Began as a Deep Elf Fire Elementalist on May 17, 2022.
             Engulfed by a cloud of flame (21 damage)
             ... on level 4 of the Dungeon.
             The game lasted 00:05:04 (3084 turns).

bnorton916 the Firebug (Deep Elf Fire Elementalist) Turns: 3084, Time: 00:05:05

Health: -1/28      AC: 10    Str:  5    XL:     5   Next: 17%
Magic:  3/13       EV: 13    Int: 22    God:
Gold:   114        SH:  0    Dex: 17    Spells: 2/12 levels left

rFire   . . .      SeeInvis .   (no weapon)
rCold   . . .      Faith    .   (no shield)
rNeg    . . .      Spirit   .   a - +0 robe
rPois   .          Reflect  .   (helmet restricted)
rElec   +          Harm     .   (no cloak)
rCorr   .          Rampage  .   (no gloves)
Will    .....                   g - +1 pair of boots
Stlth   ++........              (no amulet)
HPRegen 0.09/turn               f - +4 ring of protection
MPRegen 0.13/turn               (no ring)

@: flying
A: horns 1, iridescent scales 1, agile 1, electricity resistance
a: no special abilities


You were on level 4 of the Dungeon.
You visited 1 branch of the dungeon, and saw 4 of its levels.

You collected 114 gold pieces.

Inventory:

Missiles
 k - 4 poisoned darts
 l - 44 stones
Armour
 a - a +0 robe (worn)
 g - a +1 pair of boots (worn)
Jewellery
 f - a +4 ring of protection (left hand)
 m - an amulet of the acrobat
 p - a ring of ice
Scrolls
 b - 7 scrolls of identify {unknown}
 n - a scroll of summoning {unknown}
Potions
 d - a potion of curing
 h - 2 potions of flight


   Skills:
 - Level 2.4 Dodging
 - Level 2.4 Stealth
 - Level 4.4 Spellcasting
 + Level 3.4 Conjurations
 + Level 4.7 Fire Magic


You had 2 spell levels left.
You knew the following spells:

 Your Spells              Type           Power      Damage    Failure   Level
a - Foxfire               Conj/Fire      92%        2x1d8     1%          1
b - Scorch                Fire           50%        2d7       2%          2
c - Conjure Flame         Conj/Fire      23%        6-21      6%          3
d - Flame Wave            Conj/Fire      23%        2d7       21%         4

Your spell library contained the following spells:

 Spells                   Type           Power      Damage    Failure   Level
 Animate Skeleton         Necr           8%         N/A       11%         1
 Apportation              Tloc           8%         N/A       11%         1
 Summon Small Mammal      Summ           16%        N/A       11%         1
 Inner Flame              Hex/Fire       15%        N/A       12%         3
 Gell's Gravitas          Tloc           4%         N/A       32%         3
 Lesser Beckoning         Tloc           4%         N/A       32%         3
 Teleport Other           Tloc           4%         N/A       32%         3


Dungeon Overview and Level Annotations

Branches:
Dungeon (4/15)
 Temple: D:4-7

Altars:


Innate Abilities, Weirdness & Mutations

You have a pair of small horns on your head.
You are partially covered in iridescent scales. (AC +2)
You are agile. (Dex +2)
You are resistant to electric shocks. (rElec)


Message History

You kill the gnoll!
The endoplasm barely misses you.
Unknown command.
Casting: Foxfire (safe; 1% risk of failure)
Confirm with . or Enter, or press ? or * to list all spells.
You conjure some foxfire!
The foxfire hits the gnoll.
The gnoll is heavily wounded.
The endoplasm hits you but does no damage.
The foxfire hits the endoplasm!
You kill the endoplasm!
Unknown command.
Your magical contamination has completely faded away.
Okay, then.
Okay, then.
It was a potion of flight.
You feel very buoyant.
You fly up into the air.
The gnoll hits you with a +0 club.
It was a potion of mutation.
You feel extremely strange.
You feel insulated.
You feel agile. A pair of horns grows on your head!
Iridescent scales grow over part of your body.
The gnoll closely misses you.
Okay, then.
As you read the scroll labelled MIGAIR CONY, it crumbles to dust.
The creatures around you are filled with an inner flame!
It was a scroll of immolation.
As you read the scroll labelled HOL IB DORUBO, it crumbles to dust.
It is a scroll of enchant armour.
Your +0 pair of boots glows green for a moment.
The gnoll closely misses you.
As you read the scroll labelled GIR SATUBUBLUE, it crumbles to dust.
You assume a fearsome visage.
The gnoll looks frightened! x2
It was a scroll of fear.
Okay, then.
You hit the gnoll.
Flame seeps out of the gnoll.
Your attack snaps the gnoll out of its fear.
You headbutt the gnoll.
The gnoll explodes!
The fiery explosion engulfs you!
You are engulfed in blazing flames.
Ouch! That really hurt!
You die...

#.######.#........
### #.#.#.#####
..###.#.#.<....
#.#...#.#######
#.#.###.....##.
#.#.# #####.##.
#######.#.# #.##.
#..g.##.#.### #....
####@##.....# #####
# #.○§####.#.# #
#.###......# #
#)#....#.....# #
#)#.#..###.#.# ##
#######.#.########.#
.#
####...#.#.#........
# .#
#............#######
.# #...##.......#
#############


You could see a gnoll (inner flame, fleeing).

Vanquished Creatures
  A hound (D:4)
  3 gnolls (D:4)
  6 adders
  4 worms
  A dart slug (D:4)
  5 endoplasms
  A giant cockroach (D:3)
  2 goblins
  6 hobgoblins
  2 kobolds
  3 quokkas
  7 ball pythons
  2 frilled lizards (D:2)
  2 rats (D:2)
45 creatures vanquished.

Vanquished Creatures (collateral kills)
  3 foxfires (D:1)
3 creatures vanquished.

Vanquished Creatures (others)
  130 foxfires
130 creatures vanquished.

Grand Total: 178 creatures vanquished

Notes
Turn   | Place    | Note
-------+----------+-------------------------------------------
     0 | D:1      | bnorton916 the Deep Elf Fire Elementalist began the quest
                  | for the Orb.
     0 | D:1      | Reached XP level 1. HP: 10/10 MP: 6/6
   582 | D:1      | Found a faded altar of an unknown god.
   818 | D:2      | Reached XP level 2. HP: 15/15 MP: 2/8
  1140 | D:2      | Reached XP level 3. HP: 19/19 MP: 6/10
  1426 | D:2      | Reached XP level 4. HP: 24/24 MP: 9/12
  2312 | D:3      | Learned a level 2 spell: Scorch
  2316 | D:3      | Learned a level 3 spell: Conjure Flame
  2321 | D:3      | Learned a level 4 spell: Flame Wave
  3069 | D:4      | Reached XP level 5. HP: 9/28 MP: 4/13
  3079 | D:4      | Gained mutation: You are resistant to electric shocks.
                  | (rElec) [potion of mutation]
  3079 | D:4      | Gained mutation: You are agile. (Dex +2) [potion of
                  | mutation]
  3079 | D:4      | Gained mutation: You have a pair of small horns on your
                  | head. [potion of mutation]
  3079 | D:4      | Gained mutation: You are partially covered in iridescent
                  | scales. (AC +2) [potion of mutation]
  3084 | D:4      | Engulfed by a cloud of flame

Illustrated notes

Levels and vault maps discovered:
D:1:      minmay_arrival_jagged, layout_basic,
          dreamdust_ecumenical_altar_hidden_monk_grotto
D:2:      layout_rooms, chequers_garden, dk_noncrumbling_3,
          minmay_shallow_snake_nest
D:3:      layout_loops_ring
D:4:      layout_basic, minmay_temple_entry_nine_rooms

Skill      XL: |  1  2  3  4 |
---------------+-------------+-----
Conjurations   | 2 3 |  3.4
Spellcasting   | 4 |  4.4
Fire Magic     | 4 |  4.7
Dodging        | |  2.4
Stealth        | |  2.4

Action                   |  1- 3 |  4- 6 || total
-------------------------+-------+-------++-------
Melee: Unarmed           |       |     2 ||     2
       Headbutt          |       |     1 ||     1
 Cast: Foxfire           |    42 |    41 ||    83
       Scorch            |       |     2 ||     2
       Flame Wave        |       |     1 ||     1
  Use: Scroll            |       |     5 ||     5
       Potion            |       |     5 ||     5
Armor: Robe              |     1 |     5 ||     6
Dodge: Dodged            |    16 |    23 ||    39
